 Dungeon Crawl Stone Soup version 0.13.1-28-g3517093 (console) character file.

9956 Abraham the Cleaver (level 11, -19/102 HPs)
             Began as a Deep Dwarf Berserker on Mar 9, 2014.
             Was a High Priest of Trog.
             Shot with a poisoned arrow of flame by Nessos (20 damage)
             ... on Level 13 of the Dungeon.
             The game lasted 00:34:22 (5003 turns).

Abraham the Cleaver (Deep Dwarf Berserker)          Turns: 5003, Time: 00:34:23

HP -19/102       AC 21     Str 21      XL: 11   Next: 14%
MP  10/10        EV  5     Int  8      God: Trog [*****.]
Gold 1202        SH  0     Dex 15      Spells:  0 memorised, 10 levels left

Res.Fire  : . . .   See Invis. : .   D - +2,+1 battleaxe
Res.Cold  : . . .   Warding    : .   P - +4 orc plate armour
Life Prot.: . . .   Conserve   : .   (no shield)
Res.Poison: .       Res.Corr.  : .   u - +0 helmet
Res.Elec. : .       Clarity    : .   k - +1 elf cloak {darkness}
Sust.Abil.: . .     Spirit.Shd : .   (no gloves)
Res.Mut.  : .       Stasis     : .   C - +0 pair of boots
Res.Rott. : .       Flight     : .   (no amulet)
Saprovore : . . .                    (no ring)
                                     (no ring)

@: non-regenerating, extremely poisoned, quite resistant to hostile
enchantments, extremely unstealthy
A: damage resistance, recharge devices, sense surroundings 2, slow healing 3
a: Device Recharging, Burn Spellbooks, Berserk, Trog's Hand, Brothers in Arms,
Renounce Religion, Evoke Invisibility


You were on level 13 of the Dungeon.
You worshipped Trog.
Trog was extremely pleased with you.
You were near starving.

You visited 2 branches of the dungeon, and saw 16 of its levels.

You collected 1215 gold pieces.
You spent 33 gold pieces at shops.

Inventory:

Hand weapons
 a - a +0,+0 dwarven hand axe {=f}
 v - a -1,+1 orcish war axe
 y - a +2,+3 hand axe
 B - a +0 blowgun
 D - a +2,+1 battleaxe (weapon)
 E - a +2,+3 hand axe of freezing (quivered)
 I - a +2,+3 war axe
 N - a -1,+2 orcish war axe of chopping
 O - a -1,+1 orcish battleaxe
Armour
 g - a +0 orcish scale mail
 h - a +1 cloak
 k - a +1 elven cloak of darkness (worn)
 u - a +0 helmet (worn)
 A - a +0 orcish chain mail
 C - a +0 pair of boots (worn)
 K - a +0 orcish plate armour
 L - a -1 orcish ring mail
 M - a +0 orcish plate armour
 P - a +4 orcish plate armour (worn)
Magical devices
 c - a wand of heal wounds (2)
 w - a wand of frost (16)
Comestibles
 Q - a choko
 R - an apple
Scrolls
 b - 3 scrolls of remove curse
 e - a scroll of amnesia {unknown}
 f - a scroll of magic mapping {unknown}
 i - 2 scrolls of fog {unknown}
 j - 2 scrolls of enchant weapon II
 m - a scroll of random uselessness {unknown}
 n - a scroll of vulnerability {unknown}
 o - 2 scrolls of blinking
 s - a scroll of recharging {unknown}
 z - a scroll of fear {unknown}
 F - a scroll of identify {unknown}
 G - a scroll of curse weapon {unknown}
Jewellery
 d - an uncursed amulet of inaccuracy {unknown}
 l - an uncursed amulet of resist corrosion {unknown}
 t - an uncursed ring of protection from cold {unknown}
Potions
 r - a potion of speed
 x - 2 potions of restore abilities
 H - 2 potions of agility {unknown}
 J - 2 potions of might
Books
 p - a Young Poisoner's Handbook

   Spells                             Type                      Level
   Sting                              Conjuration/Poison           1
   Cure Poison                        Poison                       2
   Mephitic Cloud                     Conjuration/Poison/Air       3
   Olgreb's Toxic Radiance            Poison                       4
   Venom Bolt                         Conjuration/Poison           5
   Trog disapproves of the use of such an item.
Magical staves
 q - an uncursed staff of conjuration {unknown}


   Skills:
 + Level 9.1 Fighting
 * Level 14.6 Axes
 * Level 5.9 Armour
 - Level 2.1 Dodging


You had 10 spell levels left.
You didn't know any spells.

Dungeon Overview and Level Annotations

Branches:
Dungeon (13/27)               Orc (3/4) D:11
 Temple: D:4-7          Elf: Orc:3-4       Lair: D:8-13

Altars:
Kikubaaqudgha
Sif Muna
Trog
Vehumet
Yredelemnul

Shops:
D:6 [(

Annotations:
D:13 Nessos


Innate Abilities, Weirdness & Mutations

You are resistant to damage.
You can recharge devices by infusing magical energy.
You passively map the area around you.
You do not heal naturally.


Message History

You see here a poisoned arrow.
* * * LOW HITPOINT WARNING * * *
You feel very sick.
You feel a little better.
Evoke which item? (* to show all) (? for menu, Esc to quit)
Zapping:
c - a wand of heal wounds (3)
Press: ? - help, Shift-Dir - straight line, f - you You feel much better.
This wand has 2 charges left.
Nessos shoots a poisoned arrow of flame.
The poisoned arrow of flame hits you!
You are more poisoned.
* * * LOW HITPOINT WARNING * * *
Nessos shoots a poisoned arrow of flame.
The poisoned arrow of flame hits you!
You are more poisoned.
* * * LOW HITPOINT WARNING * * *
Nessos shoots a poisoned arrow of flame.
The poisoned arrow of flame hits you!
You are more poisoned.
You die...

, #(# , ,
*#c# **
#(## * * ,
#cc## ,*
*#...### *
,*#.....###
* ,
##......# *
#....(.##
*, *
*####..@.##
, * ##.<..#
,* ##.....#
* ##....#
.....# ,
##...# * *
...# ,
,,..#* *
**, ,,#


You could see Nessos and a centaur.

Vanquished Creatures
  The ghost of Abraham the Cleaver, an experienced HOBe of Trog (D:10)
  2 hill giants
  2 orc knights (Orc:1)
  A troll (D:11)
  2 wyverns
  A hippogriff (D:10)
  A wraith (D:12)
  A manticore (D:11)
  8 orc warriors
  A phantom (D:11)
  4 sky beasts
  4 black bears
  3 centaurs
  5 ogres
  3 wargs
  A gnoll sergeant (D:8)
  2 giant frogs
  A troll zombie (D:11)
  The ghost of teukkam the Insei, a weakling DrMo (D:4)
  11 wights
  A troll skeleton (D:8)
  14 orc priests
  A goliath beetle (D:11)
  2 jellies
  4 crimson imps
  5 hounds
  A giant frog zombie (D:10)
  16 orc wizards
  3 iguanas
  2 scorpions
  7 worker ants
  4 gnolls (D:8)
  6 adders
  A giant centipede (D:8)
  3 worms
  A giant eyeball (D:6)
  4 giant geckos
  106 orcs
  2 ball pythons (D:5)
  7 goblins
  10 hobgoblins
  3 jackals (D:6)
  4 kobolds
  An ooze (D:6)
  3 quokkas
  4 bats
  A giant gecko skeleton (D:5)
  A giant mite zombie (D:5)
  2 giant newts
  A giant spore (D:10)
  A hobgoblin zombie (D:5)
  A kobold skeleton (D:4)
  An orc skeleton (D:8)
  An orc zombie (D:5)
  7 rats
  A rat zombie (D:5)
  10 ballistomycetes
  A fungus (D:6)
298 creatures vanquished.

Vanquished Creatures (others)
  An orc (Orc:3)
  2 giant spores
3 creatures vanquished.

Grand Total: 301 creatures vanquished

Notes
Turn   | Place    | Note
--------------------------------------------------------------
     0 | D:1      | Abraham, the Deep Dwarf Berserker, began the quest for the Orb.
     0 | D:1      | Reached XP level 1. HP: 21/21 MP: 0/0
     3 | D:1      | Found a radiant altar of Vehumet.
    13 | D:1      | You fall through a shaft!
    63 | D:1      | Reached XP level 2. HP: 22/28 MP: 1/1
   152 | D:4      | Found a basalt altar of Yredelemnul.
   158 | D:4      | Reached skill level 4 in Axes
   158 | D:4      | Reached XP level 3. HP: 36/36 MP: 2/2
   164 | D:4      | Reached XP level 4. HP: 33/43 MP: 3/3
   206 | D:4      | Reached skill level 5 in Axes
   212 | D:5      | Entered Level 5 of the Dungeon
   276 | D:4      | Acquired Trog's second power
   320 | D:4      | Reached XP level 5. HP: 6/50 MP: 4/4
   378 | D:5      | Reached skill level 6 in Axes
   398 | D:4      | Noticed teukkam's ghost (weakling DrMo)
   408 | D:4      | Killed teukkam's ghost
   408 | D:4      | Reached XP level 6. HP: 31/58 MP: 5/5
   438 | D:4      | Noticed a sky beast
   464 | D:4      | Killed a sky beast
   464 | D:4      | Reached skill level 7 in Axes
   605 | D:4      | Noticed an ogre
   640 | D:4      | Killed an ogre
   640 | D:4      | Reached XP level 7. HP: 66/66 MP: 6/6
   811 | D:6      | Found Psiesiz's Antique Armour Emporium.
   822 | D:6      | Reached skill level 5 in Fighting
   822 | D:6      | Reached skill level 8 in Axes
   845 | D:6      | Bought a glowing elven cloak for 33 gold pieces
   919 | D:6      | Found an ancient bone altar of Kikubaaqudgha.
   968 | D:6      | You fall through a shaft!
  1007 | D:8      | Found a bloodstained altar of Trog.
  1013 | D:8      | Reached XP level 8. HP: 51/74 MP: 7/7
  1021 | D:8      | Reached skill level 9 in Axes
  1148 | D:7      | Found a bloodstained altar of Trog.
  1495 | D:6      | Found a deep blue altar of Sif Muna.
  1520 | D:6      | Found Ossiam's Antique Weapon Boutique.
  1672 | D:7      | Reached skill level 10 in Axes
  1964 | D:10     | Entered Level 10 of the Dungeon
  2116 | D:10     | Noticed Abraham's ghost (experienced HOBe)
  2166 | D:11     | Reached skill level 11 in Axes
  2180 | D:11     | Gained mutation: You passively map the area around you. [level up]
  2180 | D:11     | Reached XP level 9. HP: 20/82 MP: 8/8
  2222 | D:10     | Killed Abraham's ghost
  2413 | D:10     | Noticed a hill giant
  2425 | D:10     | Killed a hill giant
  2425 | D:10     | Reached skill level 12 in Axes
  2756 | D:8      | Found a deep blue altar of Sif Muna.
  2934 | D:8      | Noticed a wyvern
  2940 | D:8      | Killed a wyvern
  2973 | D:8      | Reached XP level 10. HP: 60/93 MP: 9/9
  3026 | D:8      | You fall through a shaft!
  3100 | D:11     | Found a staircase to the Orcish Mines.
  3108 | D:11     | Reached skill level 13 in Axes
  3195 | D:11     | Noticed a hill giant
  3423 | D:11     | Killed a hill giant
  3515 | Orc:1    | Entered Level 1 of the Orcish Mines
  3706 | Orc:1    | Noticed an orc knight
  3908 | Orc:1    | Reached skill level 14 in Axes
  3927 | Orc:1    | Acquired Trog's third power
  4012 | Orc:1    | Noticed an orc knight
  4266 | Orc:1    | Killed an orc knight
  4310 | Orc:1    | Reached skill level 5 in Armour
  4370 | Orc:1    | Killed an orc knight
  4453 | Orc:3    | Reached XP level 11. HP: 102/102 MP: 10/10
  4995 | D:13     | Noticed Nessos
  5003 | D:13     | HP: 1/102 [Nessos/ poisoned arrow of flame (16)]
  5003 | D:13     | Shot with a poisoned arrow of flame by Nessos

Action                   |  1- 3 |  4- 6 |  7- 9 | 10-12 || total
-------------------------+-------+-------+-------+-------++-------
Melee: Hand axe          |    34 |   133 |   382 |    82 ||   631
       Battleaxe         |       |       |       |   273 ||   273
Invok: Berserk           |     2 |     5 |    14 |    14 ||    35
       Trog's Hand       |       |     7 |    15 |    18 ||    40
Evoke: Wand              |       |     1 |       |     3 ||     4
  Use: Potion            |       |     1 |     6 |       ||     7
       Scroll            |       |     1 |     1 |     4 ||     6
